 Dungeon Crawl Stone Soup version 0.31.0-11-ge490571c62 (webtiles) character file.

Game seed: 8147676659574182255

401 Aviak the Apothecary (level 7, -1/52 HPs)
             Began as a Formicid Alchemist on Feb 2, 2024.
             Was a Follower of Zin.
             Slain by Menkaure (12 damage)
             ... on level 4 of the Dungeon.
             The game lasted 00:10:55 (3277 turns).

Aviak the Apothecary (Formicid Alchemist)           Turns: 3277, Time: 00:10:55

Health: -1/52      AC:  3    Str: 14    XL:     7   Next: 11%
Magic:  13/13      EV: 12    Int: 15    God:    Zin [*.....]
Gold:   142        SH:  0    Dex: 14    Spells: 3/14 levels left

rFire   . . .        j - +1 whip (elec)
rCold   . . .        (no shield)
rNeg    . . .        a - +0 robe
rPois   .            (helmet unavailable)
rElec   .            f - +0 cloak
rCorr   .            (no gloves)
SInv    +            (no boots)
Will    .....        (no amulet)
Stlth   ++           q - ring of wizardry
HPRegen 0.28/turn    (no ring)
MPRegen 0.13/turn

%: wizardry (x1)
@: on recite cooldown, attractive
A: permanent stasis, dig shafts and tunnels, antennae 3, four strong arms
a: Dig, Shaft Self, Renounce Religion, Recite, Donate Gold


You were on level 4 of the Dungeon.
You worshipped Zin.
Zin was aware of your devotion.
You visited 1 branch of the dungeon, and saw 4 of its levels.

You collected 157 gold pieces.
You donated 15 gold pieces to Zin.

Inventory:

Hand Weapons
 e - a +0 dagger
 j - a +1 whip of electrocution (weapon)
Missiles
 n - a throwing net {!f}
Armour
 a - a +0 robe (worn)
 f - a +0 cloak (worn)
 k - a +0 tower shield
Jewellery
 q - a ring of wizardry (left hand)
Scrolls
 d - 2 scrolls of fog {unknown}
 g - a scroll of immolation {unknown}
 i - 3 scrolls of identify
 l - a scroll of amnesia {unknown}
 o - a scroll of vulnerability {unknown}
 t - 2 scrolls of teleportation
Potions
 b - 2 potions of magic
 c - a potion of curing
 p - a potion of heal wounds {unknown}
 r - a potion of degeneration {unknown}


   Skills:
 + Level 3.4 Fighting
 - Level 2.0 Dodging
 - Level 2.4 Stealth
 - Level 4.0 Spellcasting
 - Level 2.0 Conjurations
 + Level 2.1 Fire Magic
 - Level 6.0 Alchemy


You had 3 spell levels left.
You knew the following spells:

 Your Spells              Type           Power      Damage    Failure   Level
a - Sting                 Conj/Alch      60%        1d6       1%          1
b - Mercury Vapours       Alch/Air       24%        N/A       3%          2
c - Olgreb's Toxic Radia  Alch           21%        N/A       6%          4
d - Ignite Poison         Fire/Alch      15%        N/A       14%         4

Your spell library contained the following spells:

 Spells                   Type           Power      Damage    Failure   Level
 Cigotuvi's Dreadful Rot  Necr/Alch/Air  18%        N/A       4%          2
 Mephitic Cloud           Conj/Alch/Air  11%        N/A       8%          3
 Sticky Flame             Fire/Alch      15%        2d5       14%         4
 Petrify                  Alch/Erth      12%        N/A       21%         4
 Brom's Barrelling Bould  Conj/Erth      6%         2d3       41%         4
 Fireball                 Conj/Fire      4%         3d4       61%         5
 Iskenderun's Battlesphe  Conj           9%         2d6       61%         5
 Conjure Ball Lightning   Conj/Air       3%         3x3d6     99%         6
 Haunt                    Necr/Summ      1%         N/A       100%        7
 Orb of Destruction       Conj           4%         9d5       100%        7


Dungeon Overview and Level Annotations

Branches:
Dungeon (4/15)
 Temple: D:4-7

Altars:
Gozag
Xom
Zin

Annotations:
D:4 Menkaure


Innate Abilities, Weirdness & Mutations

You cannot be hasted, slowed, berserked, paralysed or teleported.
You can dig through walls and to a lower floor.
You have a pair of large antennae on your head. (SInv)
Your four strong arms can wield two-handed weapons with a shield.


Message History

Menkaure is lightly damaged.
Menkaure points at you and mumbles some strange words.
You struggle to resist.
The kobold hits you but does no damage.
You hit Menkaure but do no damage.
Menkaure is lightly damaged.
Menkaure misses you.
The kobold hits you with a +0 short sword.
Menkaure hits you!
You hit Menkaure.
Menkaure is moderately damaged.
Menkaure barely misses you. The kobold closely misses you.
You closely miss Menkaure.
Menkaure is moderately damaged.
Menkaure closely misses you. The kobold barely misses you.
You hit Menkaure but do no damage.
Menkaure is moderately damaged.
Menkaure gestures at you while chanting.
Pain shoots through your body!
The kobold hits you with a +0 short sword.
Menkaure hits you!
* * * LOW HITPOINT WARNING * * *
You feel better.
The kobold hits you with a +0 short sword.
Menkaure hits you.
* * * LOW HITPOINT WARNING * * *
You hit Menkaure.
Menkaure is moderately damaged.
Menkaure barely misses you. The kobold barely misses you.
You barely miss Menkaure.
Menkaure is moderately damaged.
Menkaure hits you.
* * * LOW HITPOINT WARNING * * *
The kobold misses you. Menkaure hits you.
* * * LOW HITPOINT WARNING * * *
As you read the scroll labelled ZIAFAGR YFUYR, it crumbles to dust.
It is a scroll of identify.
m - 2 scrolls of teleportation;
t - 2 scrolls of teleportation
i - 3 scrolls of identify;
d - 2 scrolls labelled YNGANL YWOU The kobold misses you.
Menkaure hits you!
You die...

...# ##...##
....###.....#
#....##..........##
#....# #..........#
#....###..........#
#.....#...........#
#.....#......M....#
#...........@....#
#.)..........K...#
#................#
#.....#..?......##
#................#
#####..................
#..##...................
...##................##.
...##..)..........####


You could see Menkaure (fast) and a kobold.

Vanquished Creatures
  An ogre (D:4)
  A hound (D:3)
  Crazy Yiuf (D:2)
  4 orc wizards
  7 adders
  4 gnolls (D:2)
  5 orcs
  2 endoplasms
  5 goblins
  5 hobgoblins
  2 jackals (D:4)
  4 kobolds
  3 quokkas
  7 ball pythons
  6 bats
  6 frilled lizards
  7 rats
70 creatures vanquished.

Notes
Turn   | Place    | Note
-------+----------+-------------------------------------------
     0 | D:1      | Aviak the Formicid Alchemist began the quest for the Orb.
     0 | D:1      | Reached XP level 1. HP: 13/13 MP: 3/3
   107 | D:1      | Reached skill level 1 in Conjurations
   231 | D:1      | Reached XP level 2. HP: 19/19 MP: 1/5
   333 | D:1      | Got the Compendium of Feculent Command
   490 | D:1      | Learned a level 2 spell: Mercury Vapours
   898 | D:2      | Found a runed translucent door.
   899 | D:2      | Noticed Crazy Yiuf
  1058 | D:2      | Reached XP level 3. HP: 24/24 MP: 1/6
  1577 | D:2      | Reached XP level 4. HP: 31/31 MP: 4/8
  1585 | D:2      | Reached skill level 1 in Fighting
  1672 | D:2      | Found a shimmering altar of Xom.
  1854 | D:2      | Killed Crazy Yiuf
  1855 | D:2      | Reached skill level 5 in Alchemy
  1855 | D:2      | Reached XP level 5. HP: 18/37 MP: 0/9
  2181 | D:3      | Reached XP level 6. HP: 35/46 MP: 7/11
  2286 | D:3      | Found a glowing silver altar of Zin.
  2352 | D:3      | Became a worshipper of Zin the Law-Giver
  2352 | D:3      | Reached * piety under Zin
  2417 | D:3      | Found an opulent altar of Gozag.
  2608 | D:3      | Learned a level 4 spell: Olgreb's Toxic Radiance
  2613 | D:3      | Learned a level 4 spell: Ignite Poison
  2966 | D:4      | Reached skill level 1 in Fire Magic
  3036 | D:4      | Noticed an ogre
  3046 | D:4      | Killed an ogre
  3047 | D:4      | Reached skill level 6 in Alchemy
  3047 | D:4      | Reached XP level 7. HP: 26/52 MP: 2/13
  3263 | D:4      | Noticed Menkaure
  3277 | D:4      | Slain by Menkaure

Illustrated notes

Levels and vault maps discovered:
D:1:      lemuel_arrival_funnel, layout_basic, hex_tiny
D:2:      layout_rooms, basic_altar, minmay_pentomino_z2,
          uniq_crazy_yiuf_cottage
D:3:      layout_rooms, pdpol_temple_overflow_zin_treasury_gozag_greed
D:4:      layout_cave_pods, serial_shops, nicolae_book_shop_shelving, shop,
          uniq_blork_the_orc, uniq_menkaure

Skill      XL: |  1  2  3  4  5  6 |
---------------+-------------------+-----
Conjurations   | 1 2 |  2.0
Dodging        | 2 |  2.0
Spellcasting   | 3 4 |  4.0
Fighting       | 1 2 3 |  3.4
Alchemy        | 5 6 |  6.0
Fire Magic     | 2 |  2.1
Stealth        | |  2.4

Action                     |  1- 3 |  4- 6 |  7- 9 || total
---------------------------+-------+-------+-------++-------
  Melee: Unarmed           |     7 |       |       ||     7
         Dagger            |    24 |       |       ||    24
         Whip              |     5 |    70 |    20 ||    95
         Punch             |       |     1 |       ||     1
   Cast: Sting             |    48 |    32 |       ||    80
         Mercury Vapours   |     5 |    19 |       ||    24
         Olgreb's Toxic Ra |       |       |     2 ||     2
 Invoke: Recite            |       |     1 |     1 ||     2
  Evoke: Wand              |       |     1 |       ||     1
    Use: Potion            |       |     1 |     2 ||     3
         Scroll            |       |       |     1 ||     1
 Armour: Robe              |    18 |    63 |    16 ||    97
  Dodge: Dodged            |    34 |    45 |    14 ||    93
